 Dungeon Crawl Stone Soup version 0.23-a0-207-g93a313e (webtiles) character file.

7989 royalsmiley the Blocker (level 11, -7/97 HPs)
             Began as a Deep Dwarf Fighter on Sept 13, 2018.
             Was a High Priest of Makhleb.
             Mangled by a slime creature (19 damage)
             ... on level 1 of the Lair of Beasts on Sept 24, 2018.
             The game lasted 00:39:41 (9604 turns).

royalsmiley the Blocker (Deep Dwarf Fighter)        Turns: 9604, Time: 00:39:45

Health: -7/97      AC: -25   Str: 23    XL:     11   Next: 4%
Magic:  0/0        EV:  7    Int:  9    God:    Makhleb [*****.]
Gold:   481        SH: 13    Dex: 12    Spells: 9/10 levels left

rFire    . . .     SeeInvis .   a - +1 war axe
rCold    . . .     Gourm    .   c - +1 shield
rNeg     . . .     Faith    .   s - +3 chain mail
rPois    .         Spirit   +   (no helmet)
rElec    .         Reflect  .   v - scarf {repulsion}
rCorr    .         Harm     .   (no gloves)
MR       +....                  (no boots)
Stlth    ..........             k - amulet of guardian spirit
HPRegen  0.00/turn              (no ring)
MPRegen  0.07/turn              (no ring)

@: lethally poisoned (-7 -> -7), corroded, non-regenerating, repel missiles
A: damage resistance, heal wounds, sense surroundings 2, no regeneration
a: Heal Wounds, Minor Destruction, Lesser Servant of Makhleb, Major Destruction,
Greater Servant of Makhleb, Renounce Religion


You were on level 1 of the Lair of Beasts.
You worshipped Makhleb.
Makhleb was extremely pleased with you.
You were not hungry.

You visited 2 branches of the dungeon, and saw 11 of its levels.

You collected 643 gold pieces.
You spent 162 gold pieces at shops.

Inventory:

Hand Weapons
 a - a +1 war axe (weapon)
 F - a +0 antimagic battleaxe
 L - the cursed +1 war axe of Honour {vamp, Fragile rPois rN+, unknown}
   (You found it on level 1 of the Lair of Beasts)

   It inflicts no extra harm, but heals its wielder when it wounds a living foe.
   It protects you from poison.
   It protects you from negative energy.
   It will be destroyed if unequipped.
   It has a curse placed upon it.
 N - a +2 halberd of protection
Missiles
 m - 22 tomahawks (quivered)
Armour
 b - a +0 scale mail
 c - a +1 shield (worn)
 i - a +1 plate armour
 q - a scarf of resistance
 r - a +4 large shield
 s - a +3 chain mail (worn)
 u - a scarf of spirit shield
 v - a scarf of repulsion (worn)
Jewellery
 k - an amulet of guardian spirit (around neck)
 B - an uncursed ring of wizardry
 M - an uncursed ring of positive energy
Wands
 g - a wand of acid (11)
 y - a wand of digging (14)
 z - a wand of flame (66)
 E - a wand of disintegration (8)
 G - a wand of random effects (29)
 Q - a wand of clouds (9)
Scrolls
 l - a scroll of enchant armour
 n - 8 scrolls of teleportation
 p - a scroll of amnesia
 t - 5 scrolls of remove curse
 A - 3 scrolls of fear
 C - a scroll of magic mapping
 I - a scroll of blinking
 J - 2 scrolls of identify
Potions
 d - a potion of might
 e - 2 potions of invisibility
 h - a potion of cancellation
 j - 2 potions of curing
 o - 4 potions of resistance {unknown}
 w - 2 potions of degeneration {unknown}
 x - a potion of agility {unknown}
 D - a potion of mutation {unknown}
 O - a potion of lignification {unknown}
 P - a potion of brilliance
Miscellaneous
 H - a box of beasts
Comestibles
 f - 19 rations


   Skills:
 + Level 6.2 Fighting
 + Level 11.1 Axes
 + Level 8.3 Armour
 - Level 0.3 Dodging
 + Level 0.3 Stealth
 * Level 11.3 Shields
 - Level 2.2 Invocations


You had 9 spell levels left.
You knew the following spells:

 Your Spells              Type           Power        Failure   Level  Hunger
a - Sandblast             Erth           #.....       99%         1    ##.....

Your spell library contained the following spells:

 Spells                   Type           Power        Failure   Level  Hunger
 Animate Skeleton         Necr           N/A          99%         1    ##.....
 Flame Tongue             Conj/Fire      #....        99%         1    ##.....
 Summon Butterflies       Summ           #.......     99%         1    ##.....
 Passwall                 Tmut/Erth      #.......     99%         2    ###....
 Throw Flame              Conj/Fire      #.....       99%         2    ###....
 Call Canine Familiar     Summ           #.......     100%        3    ####...
 Conjure Flame            Conj/Fire      #.......     100%        3    ####...
 Inner Flame              Hex/Fire       #.......     100%        3    ####...
 Stone Arrow              Conj/Erth      #.....       100%        3    ####...
 Petrify                  Tmut/Erth      #.......     100%        4    #####..
 Sticky Flame             Conj/Fire      #.......     100%        4    #####..
 Summon Ice Beast         Ice/Summ       #.......     100%        4    #####..
 Bolt of Magma            Conj/Fire/Erth #.........   100%        5    ######.
 Fireball                 Conj/Fire      #.........   100%        5    ######.
 Iskenderun's Battlesphe  Conj/Chrm      #.......     100%        5    ######.
 Lee's Rapid Deconstruct  Erth           #.........   100%        5    ######.
 Summon Mana Viper        Hex/Summ       #.......     100%        5    ######.
 Venom Bolt               Conj/Pois      #.........   100%        5    ######.
 Iron Shot                Conj/Erth      #.........   100%        6    #######
 Orb of Destruction       Conj           #.........   100%        7    #######
 Spellforged Servitor     Conj/Summ      #.........   100%        7    #######
 Summon Hydra             Summ           #.........   100%        7    #######


Dungeon Overview and Level Annotations

Branches:
Dungeon (10/15)            Temple (0/1) D:6            Lair (1/6) D:10
    Orc (0/2) D:9

Altars:
Cheibriados
Dithmenos
Fedhas
Hepliaklqana
Kikubaaqudgha
Makhleb
Nemelex Xobeh
Sif Muna
Uskayaw
Vehumet
Jiyva

Shops:
D:4 ?

Portals:
Bailey: D:10

Annotations:
D:5 1 runed door, Karim's ghost, novice GnEE
Lair:1 Nib's ghost, journeyman CeHu


Innate Abilities, Weirdness & Mutations

You are resistant to damage.
You can heal yourself by infusing magical energy.
You passively map the area around you.
You do not regenerate.


Message History

The jelly hits you. The acid corrodes you!
You are splashed with acid!
The acid burns!
* * * LOW HITPOINT WARNING * * *
The slime creature jiggles.
The slime creature hits you.
You are too injured to fight recklessly!
You hit the slime creature but do no damage.
The slime creature is moderately wounded.
You barely miss Nib's ghost. You hit the jelly but do no damage.
Your hands burn!
* * * LOW HITPOINT WARNING * * *
You hit the jelly but do no damage.
Your hands burn!
* * * LOW HITPOINT WARNING * * *
You hit the slime creature but do no damage.
The jelly hits you. The acid corrodes you!
You are splashed with acid!
The acid burns!
* * * LOW HITPOINT WARNING * * *
Nib's ghost whispers, "Death is liberation."
You block Nib's ghost's attack. The slime creature hits you!!
You die...

, ,,, , * . , , ,
,.......... , * .... ,..
........ ,,, .... ,....
......##### (...
,....##.#P.##...##* *
.................#.....#
.................'....((*
, ...............JJW....:_
................@JJ...?: ,
................J#.....# ,
.............†...##...##,,
, ,
..................#####, ,
, ,
......................,, ,
, .......................
> ....≈≈≈≈≈≈..#......###.
* , ,
....≈≈##§≈.####....... * ,
, ....≈# ##≈.## #.###..#*
*


You could see 2 slime creatures, 3 jellies and Nib's ghost.

Vanquished Creatures
  Pikel (D:9)
  A centaur zombie (D:10)
  A spiny frog (Lair:1)
  A harpy zombie (D:10)
  2 slime creatures (Lair:1)
  A blink frog (Lair:1)
  A hippogriff (Lair:1)
  A human (D:7)
  4 hogs (D:7)
  A hungry ghost (D:8)
  A water moccasin (Lair:1)
  A porcupine (Lair:1)
  6 orc warriors
  A phantom (D:7)
  An ice beast (D:5)
  3 slaves (D:9)
  A sky beast (D:5)
  A hornet zombie (D:8)
  6 centaurs
  3 bullfrogs
  2 big kobolds (D:4)
  A water moccasin zombie (D:2)
  2 scorpions
  10 killer bees
  A wight (D:10)
  5 electric eels (D:10)
  2 crimson imps
  3 jellies
  A centaur skeleton (D:7)
  7 hounds
  5 orc priests
  10 orc wizards
  Crazy Yiuf (D:7)
  An iguana (D:4)
  5 worker ants
  2 hound zombies
  A hound skeleton (D:8)
  A mummy (D:10)
  A worker ant zombie (D:10)
  9 adders
  7 gnolls (D:4)
  An adder zombie (D:10)
  7 worms
  2 dart slugs
  4 leopard geckos
  47 orcs
  7 ball pythons
  7 giant cockroaches
  41 goblins
  31 hobgoblins
  11 jackals
  5 quokkas
  8 bats
  5 frilled lizards (D:1)
  2 jackal zombies (D:5)
  10 kobolds
  A leopard gecko zombie (D:6)
  8 rats
312 creatures vanquished.

Vanquished Creatures (collateral kills)
  A spiny frog (Lair:1)
  2 blink frogs (Lair:1)
  2 wargs (D:10)
  2 water moccasins (Lair:1)
  2 crocodiles (Lair:1)
  A bullfrog (Lair:1)
  A killer bee (D:9)
  An electric eel (D:10)
  An orc priest (D:10)
  An iguana (D:10)
  3 orcs (D:10)
17 creatures vanquished.

Vanquished Creatures (others)
  A quokka (D:10)
1 creature vanquished.

Grand Total: 330 creatures vanquished

Notes
Turn   | Place    | Note
-------+----------+-------------------------------------------
     0 | D:1      | royalsmiley the Deep Dwarf Fighter began the quest for the
                  | Orb.
     0 | D:1      | Reached XP level 1. HP: 20/20 MP: 1/1
    47 | D:1      | Reached XP level 2. HP: 20/27 MP: 2/2
   214 | D:1      | Reached XP level 3. HP: 24/33 MP: 3/3
   606 | D:2      | Reached XP level 4. HP: 38/42 MP: 4/4
   892 | D:2      | Reached XP level 5. HP: 49/49 MP: 5/5
  1492 | D:3      | Found a hazy altar of Hepliaklqana.
  1977 | D:3      | Found a shadowy altar of Dithmenos.
  2040 | D:3      | Found a burning altar of Makhleb.
  2061 | D:3      | Became a worshipper of Makhleb the Destroyer
  2318 | D:3      | Reached skill level 5 in Axes
  2355 | D:3      | Found a burning altar of Makhleb.
  2457 | D:4      | Reached XP level 6. HP: 46/56 MP: 0/6
  2528 | D:4      | Reached skill level 5 in Shields
  2847 | D:4      | Found Pyunk's Magic Scroll Shop.
  2855 | D:4      | Bought a scroll of identify for 24 gold pieces
  2855 | D:4      | Bought a scroll of enchant armour for 90 gold pieces
  2855 | D:4      | Bought a scroll of identify for 24 gold pieces
  2855 | D:4      | Bought a scroll of identify for 24 gold pieces
  3076 | D:4      | Reached * piety under Makhleb
  3175 | D:4      | Learned a level 1 spell: Sandblast
  3277 | D:4      | Reached ** piety under Makhleb
  3340 | D:4      | Reached XP level 7. HP: 53/62 MP: 0/7
  3564 | D:5      | Entered Level 5 of the Dungeon
  3885 | D:5      | Found a deep blue altar of Sif Muna.
  3886 | D:5      | Found an ancient bone altar of Kikubaaqudgha.
  3886 | D:5      | Found a radiant altar of Vehumet.
  3893 | D:5      | Identified Kikubaaqudgha's Almanac of Dark Arts
  3953 | D:5      | Reached *** piety under Makhleb
  4023 | D:5      | Reached XP level 8. HP: 52/72 MP: 0/8
  4349 | D:5      | Found a runed door.
  4351 | D:5      | Noticed Karim's ghost (novice GnEE)
  4634 | D:6      | Found a staircase to the Ecumenical Temple.
  5394 | D:7      | Found a deep blue altar of Sif Muna.
  5610 | D:7      | Reached skill level 5 in Armour
  5612 | D:7      | Gained mutation: You passively map the area around you.
                  | [Deep Dwarf growth]
  5612 | D:7      | Reached XP level 9. HP: 47/80 MP: 0/9
  5621 | D:7      | Reached skill level 5 in Fighting
  5743 | D:7      | Reached **** piety under Makhleb
  5797 | D:7      | Found a runed door.
  5992 | D:7      | Noticed Crazy Yiuf
  5997 | D:7      | Killed Crazy Yiuf
  6638 | D:8      | Found a sparkling altar of Nemelex Xobeh.
  7171 | D:8      | Found a snail-covered altar of Cheibriados.
  7172 | D:8      | Found a blossoming altar of Fedhas.
  7256 | D:9      | Upgraded the game from 0.23-a0-171-g5ae17c6 to
                  | 0.23-a0-207-g93a313e
  7595 | D:9      | Reached skill level 10 in Axes
  7595 | D:9      | Reached XP level 10. HP: 57/88 MP: 0/7
  7601 | D:9      | Found a staircase to the Orcish Mines.
  8317 | D:9      | Noticed Pikel
  8337 | D:9      | Killed Pikel
  8337 | D:9      | Reached skill level 10 in Shields
  8395 | D:9      | Found a hide-covered altar of Uskayaw.
  8466 | D:10     | Entered Level 10 of the Dungeon
  8621 | D:10     | Found a staircase to the Lair.
  8741 | D:10     | Reached ***** piety under Makhleb
  8744 | D:10     | Found a flagged portal.
  8964 | D:10     | Noticed a green death
  9138 | Lair:1   | Entered Level 1 of the Lair of Beasts
  9138 | Lair:1   | Noticed a spiny frog
  9150 | Lair:1   | Killed a spiny frog
  9150 | Lair:1   | Reached skill level 1 in Invocations
  9355 | Lair:1   | Noticed a spiny frog
  9373 | Lair:1   | Killed a spiny frog
  9418 | Lair:1   | Got a steaming war axe
  9457 | Lair:1   | Found a runed gate.
  9458 | Lair:1   | Found a runed gate.
  9459 | Lair:1   | Found a runed gate.
  9464 | Lair:1   | Noticed Nib's ghost (journeyman CeHu)
  9557 | Lair:1   | Found a viscous altar of Jiyva.
  9569 | Lair:1   | Reached XP level 11. HP: 80/97 MP: 0/4
  9604 | Lair:1   | Mangled by a slime creature

Vault maps used:
D:1:      lemuel_arrival_river_ford, serial_curves, eino_curves_01,
          eino_curves_02, st_stairs_12
D:2:      minmay_misc_feat_encased
D:3:      nicolae_overflow_crystal_walls, lemuel_crystal_altar,
          lemuel_coloured_pillars_altar, makhleb_heckhound_becter
D:4:      minmay_goblin_kobold_castle, serial_shops, nicolae_shop_statue_plus,
          serial_corexii_hall, corexii_hall_statues_i, corexii_hall_statues_l,
          corexii_hall_statues_s
D:5:      grunt_temple_overflow_magic_moments, first_ration,
          gammafunk_ghost_grave
D:6:      minmay_temple_entry_nine_rooms
D:7:      basic_altar, grunt_livestock, uniq_crazy_yiuf_cottage
D:8:      minitemple, hex_medium, nemelex_lonely_heart_becter
D:9:      kennysheep_little_box, david_orc_3, uniq_pikel
D:10:     erik_lair_orcish_takeover, serial_undead, serial_undead_b,
          serial_undead_f, serial_undead_a, serial_undead_a, enter_bailey_3,
          serial_bayou_lagoon_b
Lair:1:   lemuel_slime, gammafunk_ghost_ooze

Skill      XL: |  1  2  3  4  5  6  7  8  9 10 |
---------------+-------------------------------+-----
Axes           | 3 4 5 7 8 10 11 | 11.1
Fighting       | 3 4 5 6 |  6.2
Shields        | 4 5 6 8 9 11 | 11.3
Armour         | 4 5 6 8 |  8.3
Invocations    | 2 |  2.2
Dodging        | |  0.3
Stealth        | |  0.3

Action                   |  1- 3 |  4- 6 |  7- 9 | 10-12 || total
-------------------------+-------+-------+-------+-------++-------
Melee: War axe           |   118 |   329 |   538 |   243 ||  1228
Invok: Lesser Servant of |       |       |     1 |     3 ||     4
       Major Destruction |       |       |       |     2 ||     2
       Greater Servant o |       |       |       |     1 ||     1
 Abil: Heal Wounds       |     2 |     2 |    11 |    49 ||    64
Evoke: Box of beasts     |       |       |       |     1 ||     1
  Use: Scroll            |     4 |    13 |     6 |     4 ||    27
       Potion            |       |       |       |     3 ||     3
  Eat: Chunk             |       |     9 |    11 |     7 ||    27
       Ration            |       |       |     4 |       ||     4
Armor: Scale mail        |    23 |       |       |       ||    23
       Plate armour      |    49 |   174 |       |       ||   223
       Chain mail        |       |    19 |   276 |   106 ||   401
Dodge: Dodged            |    35 |    63 |   119 |    97 ||   314
       Deflected         |       |       |     3 |     5 ||     8
Block: Shield            |    73 |   242 |   376 |   249 ||   940

Table legend:
 A = Non-vault XP
 B = Vault XP
 C = Vault XP percentage of total XP
 D = Non-vault monster count
 E = Vault monster count
 F = Vault count percentage of total count
                 A         B        C        D         E       F
            +---------+---------+-------+---------+---------+-------
      Total |    8186 |    3227 |  28.3 |     236 |      90 |  27.6
            +---------+---------+-------+---------+---------+-------
        D:1 |      60 |       1 |   1.6 |      35 |       1 |   2.8
        D:2 |     159 |       0 |   0.0 |      23 |       0 |   0.0
        D:3 |     104 |      43 |  29.3 |      32 |       1 |   3.0
        D:4 |     236 |     372 |  61.2 |      17 |      57 |  77.0
        D:5 |     561 |       0 |   0.0 |      24 |       0 |   0.0
        D:6 |     428 |       0 |   0.0 |      20 |       0 |   0.0
        D:7 |     764 |    1006 |  56.8 |      19 |       6 |  24.0
        D:8 |    1041 |       0 |   0.0 |      16 |       0 |   0.0
        D:9 |    1004 |     842 |  45.6 |      14 |       7 |  33.3
       D:10 |    1332 |     653 |  32.9 |      21 |      16 |  43.2
     Lair:1 |    2497 |     310 |  11.0 |      15 |       2 |  11.8
            +---------+---------+-------+---------+---------+-------
